AoeStats
← Green Assassin

Black Forest

504728116Analyzed
4v4 RM · 25d ago on Sep 6, 2026· 17m 56s· 8 players
Game mode
Random Map
Map size
Large (8 player)
Population
200
Speed
Normal
Resources
Standard
Victory
Conquest
Starting age
Dark Age
Ending age
Imperial Age
RankedLock teamsTeams togetherTeam positionsShared explorationLock speedFull tech treeHidden civsTurbo modeCheats
Victory
Defeat
🇦🇺 Khitans · Australia
1216
+13
🇦🇺 Berbers · Australia
1214
+13
🇨🇳 Burmese · China
1196
+14
🇦🇺 Byzantines · Australia
1097
+19
🇨🇳 Khmer · China
1182
-16
🇩🇪 Japanese · Germany
1156
-15
🇨🇳 Jurchens · China
1145
-14
🇩🇪 Huns · Germany
1126
-14
Hold the door
12:16 Feudal Age
妈了个巴子
2:11 Loom
LordEryn
9:09 Loom
13:12 Feudal Age
Green Assassin
0:27 Loom
12:26 Feudal Age
16:45 Castle Age
17:31 Wheelbarrow
16:51 Double-Bit Axe
笑春风
1:23 Loom
11:50 Feudal Age
16:06 Castle Age
14:02 Horse Collar
15:33 Wheelbarrow
Joshua1282289
0:58 Loom
10:36 Feudal Age
11:39 Double-Bit Axe
11:37 Domestication
16:19 Forging
FeudalPie12152
5:14 Loom
14:53 Feudal Age
16:23 Wheelbarrow
19:52 Castle Age
Fragger 144
5:04 Loom
11:50 Feudal Age
15:47 Castle Age
13:39 Gold Mining
13:35 Double-Bit Axe
13:58 Padded Archer Armor
14:58 Fletching
Connection lost

Rejoining the realm…

Still unreachable

The connection could not be restored.

Session expired

The server has moved on; the page needs a fresh start.